 Dungeon Crawl Stone Soup version 0.21.1-1-g345015f (webtiles) character file.

88 inc the Digger (level 4, 0/27 HPs)
             Began as an Octopode Earth Elementalist on June 12, 2018.
             Slain by Terence
             ... wielding a +0 flail
              (5 damage)
             ... on level 2 of the Dungeon.
             The game lasted 00:01:37 (1297 turns).

inc the Digger (Octopode Earth Elementalist)        Turns: 1297, Time: 00:01:38

Health: 0/27       AC:  1    Str:  7    XL:     4   Next: 54%
Magic:  1/7        EV: 12    Int: 18    God:
Gold:   50         SH:  3    Dex: 12    Spells: 6/7 levels left

rFire    . . .     SeeInvis .   e - +1 whip (pain)
rCold    . . .     Gourm    .   i - +0 buckler
rNeg     . . .     Faith    .   (helmet restricted)
rPois    .         Spirit   .   (no amulet)
rElec    .         Reflect  .   (no ring)
rCorr    .         Harm     .   (no ring)
MR       .....                  (no ring)
Stlth    +++.......             (no ring)
HPRegen  0.09/turn              (no ring)
MPRegen  0.10/turn              (no ring)
                                (no ring)
                                (no ring)

@: no status effects
A: almost no armour, stealthy swim, amphibious, 8 rings, constrict 8, camouflage
1, gelatinous body 1
a: no special abilities


You were on level 2 of the Dungeon.
You were not hungry.

You visited 1 branch of the dungeon, and saw 2 of its levels.

You collected 50 gold pieces.

Inventory:

Hand Weapons
 e - a +1 whip of pain (weapon)
Missiles
 b - 28 stones (quivered)
Armour
 i - a +0 buckler (worn)
Scrolls
 f - a scroll of fear {unknown}
Potions
 a - a potion of agility {unknown}
 g - a potion of lignification {unknown}
Books
 d - a book of Geomancy

   Spells                             Type                      Level
   a - Sandblast                      Earth                        1
   b - Passwall                       Transmutation/Earth          2
   c - Stone Arrow                    Conjuration/Earth            3
   d - Petrify                        Transmutation/Earth          4
   e - Lee's Rapid Deconstruction     Earth                        5
Comestibles
 c - 2 rations
 h - 2 chunks of flesh


   Skills:
 - Level 2.0 Dodging
 - Level 2.6 Stealth
 - Level 2.0 Spellcasting
   Level 1.0 Transmutations
 + Level 5.2 Earth Magic


You had 6 spell levels left.
You knew the following spells:

 Your Spells              Type           Power        Failure   Level  Hunger
a - Sandblast             Erth           ###...       3%          1    #......


Dungeon Overview and Level Annotations

Branches:
Dungeon (2/15)

Altars:

Annotations:
D:2 Terence


Innate Abilities, Weirdness & Mutations

You cannot wear most types of armour.
You are very stealthy in the water. (Stealth+)
You are amphibious.
You can wear up to eight rings at the same time.
You can use your tentacles to constrict eight enemies at once.
Your skin changes colour to match your surroundings (Stealth+).
Your rubbery body absorbs attacks. (AC +1, EV +1)


Message History

Confirm with . or Enter, or press ? or * to list all spells.
You don't have enough magic to cast that spell.
Unknown command.
You hit Terence but do no damage. You grab Terence.
Terence is heavily wounded.
You constrict Terence, but do no damage.
Terence hits you with a flail!
You hit Terence but do no damage.
Terence is heavily wounded.
You constrict Terence, but do no damage.
You block Terence's attack.
You hit Terence but do no damage.
Terence is heavily wounded.
You constrict Terence, but do no damage.
Terence hits you with a flail!
* * * LOW HITPOINT WARNING * * *
You hit Terence. You squeeze Terence, but do no damage.
Terence is heavily wounded.
You constrict Terence. Terence hits you with a flail.
You die...

################
...............########
......########........#
#####)## #..#####...
.......#######..#
..###...........# #.#
#..####.....# #.# #..#
#.##..#####..# ......##
####..@@.....# . .....
#.#######.# #.##### #.#
# #.. ##.


You could see Terence.

Vanquished Creatures
  A bullfrog (D:2)
  A leopard gecko (D:1)
  3 goblins
  7 hobgoblins
  4 kobolds (D:1)
  A bat (D:1)
  A frilled lizard (D:1)
  3 rats
21 creatures vanquished.

Notes
Turn   | Place    | Note
-------+----------+-------------------------------------------
     0 | D:1      | inc the Octopode Earth Elementalist began the quest for the Orb.
     0 | D:1      | Reached XP level 1. HP: 11/11 MP: 3/3
   272 | D:1      | Reached XP level 2. HP: 9/17 MP: 0/5
   925 | D:2      | Reached skill level 4 in Earth Magic
  1101 | D:2      | Reached XP level 3. HP: 12/21 MP: 3/6
  1232 | D:2      | Noticed a bullfrog
  1234 | D:2      | Killed a bullfrog
  1234 | D:2      | Reached skill level 5 in Earth Magic
  1234 | D:2      | Reached XP level 4. HP: 27/27 MP: 4/7
  1285 | D:2      | Noticed Terence
  1297 | D:2      | Slain by Terence

Skill      XL: |  1  2  3 |
---------------+----------+-----
Earth Magic    | 4 5 |  5.2
Dodging        | |  2.0
Stealth        | |  2.6
Spellcasting   | |  2.0
Transmutations | |  1.0

Action                   |  1- 3 |  4- 6 || total
-------------------------+-------+-------++-------
Melee: Unarmed           |    16 |       ||    16
       Constrict         |     8 |     1 ||     9
       Tentacles         |     6 |     1 ||     7
       Whip              |    20 |     4 ||    24
 Cast: Sandblast         |    15 |     8 ||    23
 Stab: Sleeping          |     3 |       ||     3
       Distracted        |     1 |       ||     1
  Eat: Chunk             |     1 |       ||     1
Armor: Skin              |     2 |       ||     2
Dodge: Dodged            |    25 |     3 ||    28
Block: Buckler           |       |     1 ||     1
